 Dungeon Crawl Stone Soup version 0.20-b1-24-gb21faa7 (webtiles) character file.

214 Gorglomux the Chopper (level 5, -1/42 HPs)
             Began as a Minotaur Warper on May 25, 2017.
             Killed from afar by Sigmund (8 damage)
             ... with a magic dart
             ... on level 3 of the Dungeon.
             The game lasted 00:03:19 (2659 turns).

Gorglomux the Chopper (Minotaur Warper)             Turns: 2659, Time: 00:03:20

Health: -1/42      AC:  6    Str: 15    XL:     5   Next: 60%
Magic:  6/6        EV: 10    Int: 10    God:
Gold:   190        SH:  0    Dex: 11    Spells: 6/6 levels left

rFire    . . .     SeeInvis .   a - +1 hand axe
rCold    . . .     Gourm    .   (no shield)
rNeg     . . .     Faith    .   L - +0 scale mail
rPois    .         Spirit   .   (helmet restricted)
rElec    .         Reflect  .   (no cloak)
rCorr    .         Harm     .   (no gloves)
MR       .....                  (no boots)
Stlth    ..........             (no amulet)
Regen    0.2/turn               (no ring)
MPRegen  0.1/turn               (no ring)

@: no status effects
A: retaliatory headbutt, horns 2
a: no special abilities


You were on level 3 of the Dungeon.
You were not hungry.

You visited 1 branch of the dungeon, and saw 3 of its levels.

You collected 190 gold pieces.

Inventory:

Hand Weapons
 a - a +1 hand axe (weapon)
Missiles
 e - a tomahawk of dispersal
 N - 8 javelins (quivered)
Armour
 b - a +0 leather armour
 I - a +0 ring mail
 L - a +0 scale mail (worn)
Jewellery
 F - a +3 ring of evasion {unknown}
 O - an uncursed ring of wizardry {unknown}
Scrolls
 B - 2 scrolls of blinking
 G - a scroll of enchant weapon
 K - a scroll of remove curse {unknown}
 M - a scroll of magic mapping {unknown}
 R - 4 scrolls of identify
 T - a scroll of fear {unknown}
 U - a scroll of fog {unknown}
Potions
 D - a potion of heal wounds
 H - a potion of berserk rage {unknown}
 Q - a potion of curing {unknown}
 V - a potion of lignification {unknown}
Books
 c - a book of Spatial Translocations

   Spells                             Type                      Level
   a - Blink                          Translocation                2
   b - Shroud of Golubria             Charms/Translocation         2
   c - Lesser Beckoning               Translocation                3
   d - Gell's Gravitas                Translocation                3
   e - Teleport Other                 Translocation                3
   f - Passage of Golubria            Translocation                4
 P - a book of Misfortune

   Spells                             Type                      Level
   a - Confusing Touch                Hexes                        1
   b - Confuse                        Hexes                        3
   c - Gell's Gravitas                Translocation                3
   d - Petrify                        Transmutation/Earth          4
   e - Metabolic Englaciation         Hexes/Ice                    5
   f - Yara's Violent Unravelling     Hexes/Transmutation          5
Comestibles
 f - 4 bread rations
 z - 3 meat rations
 S - 5 chunks of flesh


   Skills:
 - Level 2.4 Fighting
 + Level 7.1 Axes
 - Level 1.0 Throwing
 - Level 1.2 Armour
 - Level 2.1 Dodging
 - Level 1.3 Spellcasting
   Level 2.1 Translocations


You had 6 spell levels left.
You didn't know any spells.

Dungeon Overview and Level Annotations

Branches:
Dungeon (3/15)

Altars:

Annotations:
D:3 Sigmund


Innate Abilities, Weirdness & Mutations

You reflexively headbutt those who attack you in melee.
You have a pair of horns on your head.


Message History

Aim: Sigmund, wielding a scythe and wearing a robe (heavily wounded)
You throw a tomahawk of dispersal.
The tomahawk of dispersal barely misses Sigmund.
Sigmund gestures at you while chanting. The magic dart hits you!
* * * LOW HITPOINT WARNING * * *
Fire/throw which item? (* to show all) (? for menu, Esc to quit)
Press: ? - help, Shift-Dir - straight line, f/p - Sigmund
Aim: Sigmund, wielding a scythe and wearing a robe (heavily wounded)
You throw a tomahawk of dispersal.
The tomahawk of dispersal barely misses Sigmund.
Sigmund hits you but does no damage.
Fire/throw which item? (* to show all) (? for menu, Esc to quit)
Press: ? - help, Shift-Dir - straight line, f/p - Sigmund
Aim: Sigmund, wielding a scythe and wearing a robe (heavily wounded)
You throw a tomahawk of dispersal. The tomahawk of dispersal hits Sigmund.
Sigmund blinks!
Sigmund points at you and mumbles some strange words.
The magic dart hits you!
You die...

##..........# #.###......#
#..##......# ##.##......#
###### #.##......# #....#
#.##......####### #....#
##.##......#.....###....#
#...##..................#
#...##..@ยง.[............#
#...##...)............###
#....##.##...............
#....##.##...............
#...).#.##.....##........
#####.#.##.@...##.....###
#...##............#
##..##.....####.###
#..##........#.#


You could see Sigmund.

Vanquished Creatures
  A crimson imp (D:3)
  4 gnolls (D:3)
  6 adders
  3 worms
  2 dart slugs (D:2)
  2 leopard geckos
  An orc (D:3)
  7 bats
  4 giant cockroaches
  7 goblins
  11 hobgoblins
  6 jackals
  8 kobolds
  2 quokkas
  3 frilled lizards
  7 rats
74 creatures vanquished.

Notes
Turn   | Place    | Note
-------+----------+-------------------------------------------
     0 | D:1      | Gorglomux the Minotaur Warper began the quest for the Orb.
     0 | D:1      | Reached XP level 1. HP: 18/18 MP: 1/1
   100 | D:1      | Reached skill level 3 in Axes
   164 | D:1      | Reached XP level 2. HP: 20/25 MP: 3/3
   438 | D:1      | Reached skill level 4 in Axes
   617 | D:1      | Reached XP level 3. HP: 19/30 MP: 4/4
  1545 | D:2      | Reached skill level 5 in Axes
  1554 | D:2      | Noticed Sigmund
  1691 | D:2      | Reached XP level 4. HP: 24/37 MP: 5/5
  2184 | D:3      | Reached skill level 6 in Axes
  2427 | D:3      | Reached XP level 5. HP: 33/42 MP: 6/6
  2626 | D:3      | Reached skill level 7 in Axes
  2659 | D:3      | Killed from afar by Sigmund

Skill      XL: |  1  2  3  4  5 |
---------------+----------------+-----
Axes           | 3 4 5 6 7 |  7.1
Fighting       | |  2.4
Throwing       | |  1.0
Armour         | |  1.2
Dodging        | |  2.1
Spellcasting   | |  1.3
Translocations | |  2.1

Action                   |  1- 3 |  4- 6 || total
-------------------------+-------+-------++-------
Melee: Hand axe          |   126 |    83 ||   209
       Headbutt          |    14 |    14 ||    28
Throw: Javelin           |       |     4 ||     4
       Tomahawk          |       |     4 ||     4
  Use: Scroll            |     2 |     1 ||     3
       Potion            |       |     1 ||     1
  Eat: Chunk             |     2 |     4 ||     6
Armor: Leather armour    |    14 |       ||    14
       Scale mail        |    10 |    38 ||    48
       Ring mail         |     8 |       ||     8
Dodge: Dodged            |    79 |    48 ||   127
